AoeStats
← KootH.

African Clearing

505156567Analyzed
4v4 RM · 25d ago on Sep 8, 2026· 68m 16s· 8 players
Game mode
Random Map
Map size
Large (8 player)
Population
200
Speed
Normal
Resources
Standard
Victory
Conquest
Starting age
Dark Age
Ending age
Imperial Age
RankedLock teamsTeams togetherTeam positionsShared explorationLock speedFull tech treeHidden civsTurbo modeCheats
Victory
Defeat
🇨🇴 Magyars · Colombia
1477
+14
🇨🇳 Vietnamese · China
1452
+15
🇨🇳 Mapuche · China
1403
+17
🇻🇳 Mongols · Vietnam
1395
+17
🇨🇱 Khmer · Chile
1532
-21
🇵🇪 Spanish · Peru
1418
-15
🇺🇸 Turks · United States
1385
-14
🇵🇪 Khmer · Peru
1349
-13
2468899547
10:09 Loom
14:22 Feudal Age
19:13 Castle Age
17:37 Double-Bit Axe
19:02 Horse Collar
19:30 Fletching
20:24 Bow Saw
27:39 Bodkin Arrow
37:46 Imperial Age
38:32 Bracer
38:33 Padded Archer Armor
39:24 Heavy Cavalry Archer
39:53 Pikeman
41:09 Ballistics
40:53 Halberdier
42:49 Wheelbarrow
44:43 Leather Archer Armor
44:29 Scale Mail Armor
44:39 Forging
49:59 Onager
54:30 Capped Ram
63:19 Wheelbarrow
KootH.
5:30 Loom
12:09 Feudal Age
12:51 Double-Bit Axe
20:01 Wheelbarrow
24:51 Castle Age
22:59 Horse Collar
27:41 Fletching
28:18 Padded Archer Armor
29:51 Husbandry
31:15 Bodkin Arrow
35:08 Bloodlines
35:19 Town Watch
36:08 Ballistics
40:56 Pikeman
60:59 Bow Saw
逸丶然
4:04 Loom
14:05 Feudal Age
14:49 Town Watch
18:09 Castle Age
16:27 Double-Bit Axe
17:21 Gold Mining
17:44 Fletching
18:58 Bodkin Arrow
25:39 Padded Archer Armor
26:45 Wheelbarrow
28:56 Ballistics
28:53 Leather Archer Armor
30:08 Bow Saw
29:40 Horse Collar
29:56 Stone Mining
34:17 Malon
36:11 Horse Collar
43:29 Imperial Age
44:04 Forging
44:40 Conscription
44:51 Elite Bolas Rider
46:40 Chemistry
47:37 Ring Archer Armor
48:50 Butalmapu
52:00 Iron Casting
56:36 Elite Kona
58:47 Blast Furnace
62:58 Hoardings
61:53 Sappers
62:07 Treadmill Crane
62:33 Siege Engineers
67:14 Onager
La Apple
5:36 Loom
14:50 Feudal Age
17:35 Double-Bit Axe
20:49 Castle Age
18:43 Fletching
19:08 Stone Mining
19:11 Gold Mining
22:19 Bow Saw
26:29 Wheelbarrow
28:26 Ballistics
28:30 Bodkin Arrow
29:26 Horse Collar
31:34 Gold Shaft Mining
31:32 Husbandry
31:43 Bloodlines
32:57 Padded Archer Armor
33:24 Hand Cart
33:14 Town Watch
34:29 Stone Shaft Mining
38:44 Imperial Age
37:45 Town Patrol
39:58 Conscription
39:11 Elite Mangudai
40:56 Chemistry
40:17 Bloodlines
39:35 Capped Ram
40:48 Thumb Ring
41:32 Bracer
41:03 Heavy Cavalry Archer
42:08 Parthian Tactics
45:30 Siege Ram
47:28 Drill
61:16 Onager
63:09 Siege Onager
69:02 Leather Archer Armor
Hope
13:33 Feudal Age
13:25 Loom
18:47 Castle Age
17:27 Double-Bit Axe
17:58 Horse Collar
24:43 Fletching
30:00 Wheelbarrow
42:24 Imperial Age
40:17 Bodkin Arrow
41:20 Bow Saw
41:18 Heavy Plow
42:50 Elite Janissary
45:12 Ballistics
45:20 Bombard Tower
49:53 Hand Cart
49:09 Heavy Scorpion
49:49 Gold Mining
Samcito
7:47 Loom
14:49 Feudal Age
17:47 Castle Age
17:13 Bloodlines
19:35 Scale Barding Armor
19:15 Horse Collar
22:56 Chain Barding Armor
23:59 Forging
24:15 Double-Bit Axe
25:36 Iron Casting
26:34 Fletching
27:45 Husbandry
33:26 Padded Archer Armor
33:50 Gold Mining
33:32 Elite Skirmisher
37:09 Leather Archer Armor
39:29 Ballistics
39:57 Bodkin Arrow
40:13 Light Cavalry
happix
10:59 Loom
13:08 Feudal Age
16:04 Castle Age
14:03 Double-Bit Axe
18:26 Horse Collar
18:57 Bow Saw
23:17 Town Watch
26:35 Stone Mining
27:27 Wheelbarrow
26:54 Heavy Plow
27:06 Gold Mining
27:45 Bloodlines
29:06 Husbandry
31:12 Hand Cart
31:05 Scale Barding Armor
32:07 Chain Barding Armor
31:58 Forging
35:21 Imperial Age
34:14 Iron Casting
33:43 Fletching
35:14 Ballistics
34:56 Tusk Swords
36:45 Plate Barding Armor
35:36 Cavalier
35:38 Elite Battle Elephant
38:27 Blast Furnace
39:23 Bodkin Arrow
39:49 Conscription
40:13 Gold Shaft Mining
40:24 Stone Shaft Mining
40:27 Crop Rotation
39:52 Capped Ram
40:51 Double Crossbow
41:18 Bracer
42:24 Chemistry
41:14 Siege Ram
42:34 Elite Ballista Elephant
43:57 Padded Archer Armor
44:09 Masonry
44:12 Siege Engineers
46:56 Masonry
47:24 Hoardings
47:09 Guard Tower
48:55 Keep
48:52 Architecture
48:18 Murder Holes
51:12 Light Cavalry
52:02 Hussar
tomitom
8:07 Loom
13:41 Feudal Age
17:31 Castle Age
34:32 Fletching
34:57 Bloodlines
37:15 Bodkin Arrow
37:50 Husbandry
38:32 Double-Bit Axe
38:44 Horse Collar
40:25 Wheelbarrow
40:17 Town Watch
41:34 Padded Archer Armor
47:02 Imperial Age
48:41 Bracer
48:25 Elite Conquistador
50:32 Ballistics
Connection lost

Rejoining the realm…

Still unreachable

The connection could not be restored.

Session expired

The server has moved on; the page needs a fresh start.